[ AOE2 MATCH · #495726292 ]
UnrankedMapuche vs Romans
Player's team · WIN
Rival team · LOSS
[ REPLAY ANALYSIS · EXTRACTED FROM THE RECORDED GAME ]
Feudal
10:32
Castle
23:24
Imperial
47:04
| APM avg | 49.4 |
| APM peak | 108 |
| eAPM avg | 33.0 |
| Villagers / military | 286 / 267 |
Focus
⚔️ 43.2% · 🌾 56.8%
Bolas Rider ×150 · Skirmisher ×28 · Fishing Ship ×27 · Archer ×26 · Spearman ×18 · Mangonel ×17
Feudal
9:57
Castle
24:13
Imperial
57:15
| APM avg | 49.5 |
| APM peak | 95 |
| eAPM avg | 26.3 |
| Villagers / military | 233 / 124 |
Focus
⚔️ 46.2% · 🌾 53.8%
Archer ×30 · Scout Cavalry ×28 · Knight ×23 · Scorpion ×22 · Fishing Ship ×10 · Unknown (2626) ×8
Match map
Initial resources + every placement click. Lines = walls · curves = elevation contours. ◆ gold · ⬟ stone · ● berries · ✦ relic · ◌ wall gap
Your base· Open — 7t gap
Marvin Saturnino's base· Open — 6t gap
Smoothed initial terrain · ◌ = detected wall gap · hover for details
Inputs per minute
— The Chancellor - - Marvin Saturnino
Build order — The Chancellor
First 150 of 814 actions detected
| 0:00 | Queue | Villager (Male) |
| 0:01 | Queue | Villager (Male) |
| 0:02 | Build | House |
| 0:02 | Queue | Villager (Male) |
| 0:02 | Queue | Villager (Male) |
| 0:03 | Build | House |
| 1:23 | Queue | Villager (Male) |
| 1:49 | Queue | Villager (Male) |
| 2:06 | Queue | Villager (Male) |
| 2:15 | Build | Settlement |
| 2:42 | Queue | Villager (Male) |
| 3:14 | Queue | Villager (Male) |
| 3:14 | Queue | Villager (Male) |
| 4:12 | Queue | Villager (Male) |
| 4:12 | Queue | Villager (Male) |
| 4:22 | Queue | Villager (Male) |
| 4:22 | Queue | Villager (Male) |
| 4:45 | Build | Dock |
| 4:49 | Queue | Villager (Male) |
| 4:53 | Queue | Villager (Male) |
| 5:43 | Build | House |
| 5:46 | Build | House |
| 5:51 | Queue | Villager (Male) |
| 6:02 | Queue | Fishing Ship |
| 6:38 | Queue | Villager (Male) |
| 6:40 | Queue | Fishing Ship |
| 7:07 | Queue | Villager (Male) |
| 7:22 | Queue | Villager (Male) |
| 7:24 | Queue | Fishing Ship |
| 7:42 | Queue | Villager (Male) |
| 7:56 | Queue | Villager (Male) |
| 8:18 | Research | Feudal Age |
| 8:19 | Research | Feudal Age |
| 8:27 | Build | Barracks |
| 9:21 | Queue | Unit 2550 |
| 9:22 | Queue | Unit 2550 |
| 9:32 | Build | Settlement |
| 9:52 | Research | Loom |
| 10:06 | Queue | Villager (Male) |
| 10:17 | Queue | Villager (Male) |
| 10:32 | Age | Feudal Age |
| 10:39 | Build | Archery Range |
| 10:41 | Queue | Villager (Male) |
| 10:57 | Queue | Villager (Male) |
| 11:02 | Queue | Villager (Male) |
| 11:10 | Build | Dock |
| 11:18 | Build | Settlement |
| 11:19 | Queue | Villager (Male) |
| 11:25 | Queue | Skirmisher |
| 11:25 | Queue | Skirmisher |
| 11:26 | Queue | Villager (Male) |
| 11:32 | Build | House |
| 12:13 | Queue | Villager (Male) |
| 12:16 | Build | Dock |
| 12:32 | Queue | Villager (Male) |
| 12:39 | Build | Dock |
| 12:47 | Queue | Archer |
| 12:51 | Queue | Villager (Male) |
| 12:57 | Research | Double-Bit Axe |
| 13:05 | Build | House |
| 13:17 | Research | Tech 1402 |
| 13:17 | Research | Tech 1402 |
| 13:20 | Build | Blacksmith |
| 13:48 | Queue | Unit 2626 |
| 13:49 | Queue | Unit 2626 |
| 13:50 | Queue | Villager (Male) |
| 13:53 | Build | House |
| 14:13 | Queue | Unit 2626 |
| 14:42 | Queue | Villager (Male) |
| 14:50 | Queue | Archer |
| 14:56 | Build | House |
| 14:57 | Queue | Archer |
| 14:59 | Queue | Fishing Ship |
| 14:59 | Queue | Fishing Ship |
| 15:02 | Queue | Fishing Ship |
| 15:02 | Queue | Fishing Ship |
| 15:03 | Queue | Fishing Ship |
| 15:05 | Build | House |
| 15:20 | Build | House |
| 15:22 | Build | Dock |
| 15:31 | Queue | Villager (Male) |
| 15:39 | Build | Settlement |
| 15:50 | Queue | Archer |
| 15:50 | Queue | Archer |
| 15:51 | Queue | Archer |
| 16:06 | Build | Market |
| 16:11 | Queue | Archer |
| 16:12 | Queue | Archer |
| 16:12 | Queue | Archer |
| 16:22 | Queue | Villager (Male) |
| 16:30 | Queue | Fishing Ship |
| 16:55 | Queue | Archer |
| 16:59 | Queue | Villager (Male) |
| 17:03 | Queue | Villager (Male) |
| 17:05 | Queue | Fishing Ship |
| 17:05 | Queue | Fishing Ship |
| 17:05 | Queue | Galley |
| 17:10 | Queue | Fishing Ship |
| 17:13 | Build | House |
| 17:15 | Build | House |
| 17:18 | Build | Palisade Wall |
| 17:25 | Queue | Villager (Male) |
| 17:27 | Build | Farm |
| 17:29 | Queue | Archer |
| 17:29 | Queue | Archer |
| 17:33 | Queue | Fishing Ship |
| 17:34 | Queue | Villager (Male) |
| 17:45 | Queue | Villager (Male) |
| 17:47 | Research | Tech 906 |
| 17:49 | Queue | Villager (Male) |
| 17:50 | Queue | Archer |
| 17:51 | Queue | Archer |
| 17:56 | Build | House |
| 17:58 | Build | Farm |
| 18:05 | Queue | Archer |
| 18:13 | Queue | Unit 2626 |
| 18:13 | Queue | Unit 2626 |
| 18:16 | Queue | Villager (Male) |
| 18:18 | Build | Farm |
| 18:21 | Queue | Villager (Male) |
| 18:31 | Queue | Fishing Ship |
| 18:33 | Queue | Fishing Ship |
| 18:35 | Queue | Unit 2626 |
| 18:35 | Queue | Villager (Male) |
| 18:36 | Queue | Villager (Male) |
| 18:38 | Research | Fletching |
| 18:39 | Queue | Villager (Male) |
| 18:41 | Build | House |
| 18:43 | Build | Palisade Wall |
| 18:49 | Queue | Villager (Male) |
| 18:53 | Queue | Archer |
| 18:56 | Build | House |
| 19:01 | Build | Farm |
| 19:18 | Queue | Archer |
| 19:21 | Build | House |
| 19:25 | Queue | Skirmisher |
| 19:26 | Queue | Skirmisher |
| 19:26 | Queue | Skirmisher |
| 19:27 | Queue | Villager (Male) |
| 19:29 | Research | Padded Archer Armor |
| 19:30 | Queue | Villager (Male) |
| 19:30 | Queue | Archer |
| 19:31 | Build | House |
| 19:41 | Build | Palisade Gate |
| 19:46 | Build | House |
| 19:47 | Queue | Villager (Male) |
| 20:01 | Queue | Archer |
| 20:06 | Queue | Archer |
| 20:07 | Queue | Villager (Male) |
| 20:09 | Build | House |
Build order — Marvin Saturnino
First 150 of 565 actions detected
| 0:00 | Queue | Villager (Male) |
| 0:01 | Queue | Villager (Male) |
| 0:04 | Build | House |
| 0:06 | Build | House |
| 0:06 | Queue | Villager (Male) |
| 0:07 | Queue | Villager (Male) |
| 1:23 | Build | Lumber Camp |
| 1:27 | Queue | Villager (Male) |
| 1:53 | Queue | Villager (Male) |
| 2:18 | Queue | Villager (Male) |
| 2:49 | Queue | Villager (Male) |
| 3:09 | Queue | Villager (Male) |
| 3:35 | Build | Dock |
| 3:40 | Queue | Villager (Male) |
| 4:04 | Queue | Villager (Male) |
| 4:11 | Build | House |
| 4:23 | Queue | Villager (Male) |
| 5:04 | Queue | Villager (Male) |
| 5:12 | Queue | Villager (Male) |
| 5:13 | Queue | Fishing Ship |
| 5:27 | Research | Loom |
| 5:29 | Queue | Fishing Ship |
| 5:48 | Build | House |
| 5:52 | Queue | Villager (Male) |
| 6:22 | Queue | Villager (Male) |
| 6:29 | Queue | Villager (Male) |
| 6:35 | Queue | Fishing Ship |
| 7:07 | Queue | Villager (Male) |
| 7:35 | Queue | Fishing Ship |
| 7:47 | Research | Feudal Age |
| 7:47 | Research | Feudal Age |
| 7:54 | Build | Dock |
| 8:11 | Build | Mining Camp |
| 8:19 | Build | Palisade Wall |
| 8:21 | Build | Palisade Wall |
| 8:37 | Build | House |
| 8:39 | Build | Palisade Wall |
| 8:39 | Build | Palisade Wall |
| 8:40 | Build | Palisade Wall |
| 9:26 | Build | Dock |
| 9:34 | Queue | Villager (Male) |
| 9:57 | Age | Feudal Age |
| 9:58 | Research | Double-Bit Axe |
| 10:00 | Queue | Fire Galley |
| 10:11 | Queue | Unit 2626 |
| 10:12 | Queue | Villager (Male) |
| 10:16 | Research | Town Watch |
| 10:17 | Queue | Villager (Male) |
| 10:38 | Build | Lumber Camp |
| 10:51 | Build | House |
| 10:53 | Queue | Villager (Male) |
| 11:07 | Queue | Fire Galley |
| 11:22 | Queue | Unit 2626 |
| 11:22 | Queue | Unit 2626 |
| 11:23 | Queue | Villager (Male) |
| 11:27 | Build | Palisade Wall |
| 11:32 | Queue | Villager (Male) |
| 11:34 | Build | Palisade Wall |
| 11:49 | Queue | Villager (Male) |
| 11:52 | Queue | Villager (Male) |
| 11:56 | Queue | Villager (Male) |
| 12:18 | Build | Barracks |
| 12:31 | Queue | Unit 2626 |
| 12:31 | Queue | Unit 2626 |
| 12:34 | Queue | Villager (Male) |
| 12:41 | Queue | Villager (Male) |
| 12:46 | Queue | Villager (Male) |
| 12:49 | Queue | Unit 2626 |
| 12:49 | Queue | Unit 2626 |
| 12:56 | Build | House |
| 13:02 | Research | Wheelbarrow |
| 13:02 | Research | Wheelbarrow |
| 13:29 | Build | Archery Range |
| 13:32 | Queue | Militia |
| 13:49 | Build | Watch Tower |
| 14:01 | Build | Archery Range |
| 14:03 | Queue | Villager (Male) |
| 14:18 | Queue | Archer |
| 14:31 | Queue | Villager (Male) |
| 14:43 | Build | Mining Camp |
| 14:50 | Build | Palisade Gate |
| 14:51 | Build | House |
| 15:03 | Queue | Archer |
| 15:03 | Queue | Archer |
| 15:04 | Queue | Villager (Male) |
| 15:30 | Build | House |
| 15:31 | Build | Palisade Wall |
| 15:32 | Build | Palisade Wall |
| 15:40 | Queue | Archer |
| 15:41 | Queue | Archer |
| 15:47 | Queue | Villager (Male) |
| 16:00 | Build | Blacksmith |
| 16:09 | Build | House |
| 16:13 | Queue | Villager (Male) |
| 16:30 | Build | Watch Tower |
| 17:02 | Queue | Archer |
| 17:02 | Queue | Archer |
| 17:03 | Queue | Villager (Male) |
| 17:05 | Queue | Fishing Ship |
| 17:09 | Queue | Fishing Ship |
| 17:18 | Queue | Villager (Male) |
| 17:31 | Queue | Archer |
| 17:31 | Queue | Archer |
| 17:41 | Build | Mill |
| 18:00 | Queue | Fishing Ship |
| 18:00 | Queue | Fishing Ship |
| 18:03 | Queue | Villager (Male) |
| 18:08 | Build | House |
| 18:09 | Build | House |
| 18:28 | Queue | Archer |
| 18:29 | Queue | Archer |
| 18:31 | Build | House |
| 18:34 | Queue | Villager (Male) |
| 18:44 | Research | Fletching |
| 18:46 | Queue | Archer |
| 18:46 | Queue | Archer |
| 19:17 | Queue | Archer |
| 19:17 | Queue | Archer |
| 19:19 | Queue | Villager (Male) |
| 19:21 | Build | House |
| 19:21 | Build | House |
| 19:26 | Build | House |
| 19:26 | Build | House |
| 19:33 | Queue | Archer |
| 19:33 | Queue | Archer |
| 19:35 | Build | Farm |
| 19:39 | Build | Farm |
| 19:39 | Build | Farm |
| 19:40 | Build | Farm |
| 19:44 | Queue | Fishing Ship |
| 19:44 | Queue | Fishing Ship |
| 19:55 | Queue | Villager (Male) |
| 20:01 | Build | House |
| 20:03 | Build | House |
| 20:07 | Build | House |
| 20:27 | Queue | Villager (Male) |
| 20:38 | Build | Market |
| 20:45 | Queue | Villager (Male) |
| 21:01 | Queue | Villager (Male) |
| 21:19 | Queue | Villager (Male) |
| 21:33 | Research | Castle Age |
| 21:33 | Research | Castle Age |
| 21:47 | Queue | Villager (Male) |
| 22:18 | Queue | Villager (Male) |
| 22:25 | Queue | Archer |
| 22:25 | Queue | Archer |
| 22:28 | Queue | Villager (Male) |
| 22:29 | Queue | Villager (Male) |
| 22:39 | Queue | Villager (Male) |
| 22:47 | Build | Stable |
Match timeline
| 3:35 | Marvin Saturnino · first_building Dock |
| 4:45 | The Chancellor · first_building Dock |
| 8:19 | Marvin Saturnino · wall_segment Palisade Wall x1 |
| 8:21 | Marvin Saturnino · wall_segment Palisade Wall x1 |
| 8:27 | The Chancellor · first_building Barracks |
| 8:39 | Marvin Saturnino · wall_segment Palisade Wall x1 |
| 8:39 | Marvin Saturnino · wall_segment Palisade Wall x1 |
| 8:40 | Marvin Saturnino · wall_segment Palisade Wall x1 |
| 9:57 | Marvin Saturnino · age_up feudal |
| 10:32 | The Chancellor · age_up feudal |
| 10:39 | The Chancellor · first_building Archery Range |
| 11:27 | Marvin Saturnino · wall_segment Palisade Wall x1 |
| 11:34 | Marvin Saturnino · wall_segment Palisade Wall x1 |
| 12:18 | Marvin Saturnino · first_building Barracks |
| 13:29 | Marvin Saturnino · first_building Archery Range |
| 15:31 | Marvin Saturnino · wall_segment Palisade Wall x1 |
| 15:32 | Marvin Saturnino · wall_segment Palisade Wall x1 |
| 17:18 | The Chancellor · wall_segment Palisade Wall x17 |
| 18:03 | The Chancellor · first_market_buy 100 food |
| 18:43 | The Chancellor · wall_segment Palisade Wall x1 |
| 20:17 | The Chancellor · first_market_sell 100 stone |
| 20:42 | The Chancellor · wall_segment Palisade Wall x1 |
| 21:27 | Marvin Saturnino · first_market_buy 100 food |
| 21:32 | Marvin Saturnino · first_market_sell 100 wood |
| 22:47 | Marvin Saturnino · first_building Stable |
| 23:24 | The Chancellor · age_up castle |
| 23:38 | The Chancellor · first_building Siege Workshop |
| 24:13 | Marvin Saturnino · age_up castle |
| 24:29 | Marvin Saturnino · first_building Siege Workshop |
| 27:54 | The Chancellor · first_building Monastery |
| 28:02 | Marvin Saturnino · first_building Castle |
| 40:39 | The Chancellor · first_building Castle |
| 47:04 | The Chancellor · age_up imperial |
| 57:15 | Marvin Saturnino · age_up imperial |
| 59:09 | Marvin Saturnino · resign |
[ AI ANALYSIS · 1 CREDIT ]
What really happened in this match?
Wolo.gg analyzes every decision: build order, eco, micro, common mistakes by bracket. Personalized analysis on WhatsApp or Discord in 30 seconds.
Civ guide
Mapuche
Perfil
Jugador #253973